 Dungeon Crawl Stone Soup version 0.20.1-1-g8b1a95d (webtiles) character file.

1068 letownia2 the Reanimator (level 8, -11/62 HPs)
             Began as a Deep Dwarf Necromancer on Oct 28, 2017.
             Killed from afar by a gargoyle (23 damage)
             ... with a stone arrow
             ... on level 7 of the Dungeon.
             The game lasted 00:12:50 (4290 turns).

letownia2 the Reanimator (Deep Dwarf Necromancer)   Turns: 4290, Time: 00:12:51

Health: -11/62     AC:  5    Str: 12    XL:     8   Next: 7%
Magic:  24/24      EV: 11    Int: 18    God:
Gold:   303        SH:  0    Dex: 13    Spells: 13/17 levels left

rFire    . . .     SeeInvis .   a - +0 dagger (flame)
rCold    . . .     Gourm    .   (no shield)
rNeg     . . .     Faith    .   e - +0 ring mail (curse)
rPois    .         Spirit   .   (no helmet)
rElec    .         Reflect  .   (no cloak)
rCorr    .         Harm     +   (no gloves)
MR       +....                  (no boots)
Stlth    +.........             j - amulet of harm
Regen    0.0/turn               s - ring of magical power
MPRegen  0.2/turn               (no ring)

@: non-regenerating
A: damage resistance, heal wounds, sense surroundings 1, no regeneration
a: Heal Wounds


You were on level 7 of the Dungeon.
You were hungry.

You visited 1 branch of the dungeon, and saw 7 of its levels.

You collected 303 gold pieces.

Inventory:

Hand Weapons
 a - a +0 dagger of flaming (weapon)
 q - a +0 spear
 u - a cursed -1 war axe
 y - a +0 shortbow
Missiles
 z - 22 arrows
Armour
 e - a cursed +0 ring mail (worn)
 r - the +1 leather armour "Xiosoux" {rPois rF- Str+5, unknown}
   (You found it on level 5 of the Dungeon)

   It affects your strength (+5).
   It makes you vulnerable to fire.
   It protects you from poison.
 v - a +0 robe
Magical Staves
 C - an uncursed staff of fire
Jewellery
 j - an amulet of harm (around neck)
 m - an uncursed amulet of faith {unknown}
 s - a ring of magical power (left hand)
 J - a cursed -2 ring of dexterity {unknown}
Wands
 E - a wand of digging (10/24)
 I - a wand of disintegration (12/24)
Scrolls
 d - 4 scrolls of identify
 f - 3 scrolls of fear {unknown}
 g - a scroll of remove curse {unknown}
 o - a scroll of enchant armour {unknown}
 p - a scroll of fog {unknown}
 x - a scroll of immolation {unknown}
 B - a scroll of recharging {unknown}
 G - a scroll of blinking {unknown}
 H - a scroll of teleportation {unknown}
Potions
 h - a potion of might {unknown}
 k - a potion of lignification {unknown}
 l - a potion of curing
 t - a potion of ambrosia {unknown}
 w - a potion of flight {unknown}
 A - a potion of cancellation {unknown}
Books
 b - a book of Necromancy

   Spells                             Type                      Level
   a - Pain                           Necromancy                   1
   b - Animate Skeleton               Necromancy                   1
   c - Vampiric Draining              Necromancy                   3
   d - Regeneration                   Charms/Necromancy            3
   e - Animate Dead                   Necromancy                   4
   f - Control Undead                 Necromancy                   4
 n - a book of Misfortune

   Spells                             Type                      Level
   a - Confusing Touch                Hexes                        1
   b - Confuse                        Hexes                        3
   c - Gell's Gravitas                Translocation                3
   d - Petrify                        Transmutation/Earth          4
   e - Metabolic Englaciation         Hexes/Ice                    5
   f - Yara's Violent Unravelling     Hexes/Transmutation          5
 F - a book of Frost

   Spells                             Type                      Level
   a - Freeze                         Ice                          1
   b - Throw Frost                    Conjuration/Ice              2
   c - Ozocubu's Armour               Charms/Ice                   3
   d - Throw Icicle                   Conjuration/Ice              4
   e - Summon Ice Beast               Ice/Summoning                4
Comestibles
 c - 4 bread rations
 i - 2 meat rations


   Skills:
 - Level 2.1 Dodging
 - Level 2.4 Stealth
 + Level 5.2 Spellcasting
 + Level 9.2 Necromancy


You had 13 spell levels left.
You knew the following spells:

 Your Spells              Type           Power        Failure   Level  Hunger
a - Pain                  Necr           ####         1%          1    None
v - Vampiric Draining     Necr           #####.....   1%          3    ##.....


Dungeon Overview and Level Annotations

Branches:
Dungeon (7/15)
 Temple: D:4-7

Altars:
Okawaru

Annotations:
D:3 Grinder
D:5 Irenicus's ghost, amateur FoMo


Innate Abilities, Weirdness & Mutations

You are resistant to damage.
You can heal yourself by infusing magical energy.
You passively map a small area around you.
You do not regenerate.


Message History

The stone arrow hits you!
* * * LOW HITPOINT WARNING * * *
Found a robe.
You close the door.
A gargoyle opens the door.
All of the chunks of flesh in your inventory have rotted away.
The gargoyle hurls a stone arrow at you.
The stone arrow misses you.
Found an iron altar of Okawaru.
You hear the slow hiss of a distant avalanche of sand.
You open the door.
There is an open door here.
A shadow imp comes into view.
The shadow imp shouts, "Crawl home, thou simpering nose-picking wormtrail!"
The shadow imp gestures at you. Pain shoots through your body!
* * * LOW HITPOINT WARNING * * *
Found 22 stones.
The gargoyle hurls a stone arrow at you.
The stone arrow hits you!
You die...

#.###....#_..... ,
.....#....##..... ,
..........##8...8, ,
.#......# ##8##* * ,
, ,#......###### ,
#.......##.#, ,
....###'###.# # *
.#..###9###.#.# ,
...........@..# ,
.....5......#.....)
, *
.................(.,
,
........###.#.#####
, ....##.## #.#.# ,
.#.. #. ..# # , , #.
.. , ... , , # ,##.
#.# * * , , , ..


You could see a gargoyle and a shadow imp.

Vanquished Creatures
  Duvessa (D:5)
  A centaur (D:6)
  3 ogres
  Dowan (D:5)
  A scorpion (D:4)
  2 howler monkeys
  A bullfrog zombie (D:4)
  A jelly (D:6)
  2 orc priests (D:6)
  2 iguanas
  An orc wizard (D:6)
  A bullfrog skeleton (D:6)
  5 worker ants
  4 gnolls (D:5)
  2 adders
  An ooze (D:1)
  An adder zombie (D:5)
  2 adder skeletons
  2 worms (D:5)
  2 leopard geckos
  3 orcs
  7 giant cockroaches
  A hobgoblin (D:4)
  2 jackals (D:4)
  4 quokkas
  A ball python (D:3)
  5 bats
  A frilled lizard (D:4)
  A jackal zombie (D:7)
  A kobold (D:2)
62 creatures vanquished.

Notes
Turn   | Place    | Note
-------+----------+-------------------------------------------
     0 | D:1      | letownia2 the Deep Dwarf Necromancer began the quest for the Orb.
     0 | D:1      | Reached XP level 1. HP: 15/15 MP: 3/3
   151 | D:1      | Reached XP level 2. HP: 11/22 MP: 0/5
   292 | D:3      | Noticed Grinder
   508 | D:3      | Noticed a howler monkey
   513 | D:3      | Killed a howler monkey
   513 | D:3      | Reached skill level 5 in Necromancy
   513 | D:3      | Reached XP level 3. HP: 14/28 MP: 1/7
   523 | D:3      | Learned a level 3 spell: Vampiric Draining
   640 | D:4      | Reached XP level 4. HP: 23/36 MP: 0/8
   751 | D:4      | Reached skill level 6 in Necromancy
  1315 | D:4      | Reached XP level 5. HP: 25/42 MP: 0/9
  1530 | D:4      | Reached skill level 7 in Necromancy
  1572 | D:4      | Noticed an ogre
  1618 | D:4      | Killed an ogre
  1618 | D:4      | Reached XP level 6. HP: 45/49 MP: 0/10
  1801 | D:5      | Entered Level 5 of the Dungeon
  2366 | D:5      | Got a jewelled leather armour
  2438 | D:5      | Noticed Irenicus's ghost (amateur FoMo)
  2774 | D:5      | Noticed Duvessa
  2776 | D:5      | Noticed Dowan
  2927 | D:5      | Reached skill level 8 in Necromancy
  2927 | D:5      | Reached XP level 7. HP: 30/55 MP: 8/13
  3634 | D:5      | Killed Duvessa
  3634 | D:5      | Reached skill level 5 in Spellcasting
  3634 | D:5      | Reached skill level 9 in Necromancy
  3635 | D:5      | Killed Dowan
  3635 | D:5      | Reached XP level 8. HP: 21/62 MP: 3/15
  4259 | D:7      | Noticed a gargoyle
  4270 | D:7      | Found an iron altar of Okawaru.
  4290 | D:7      | Killed from afar by a gargoyle

Skill      XL: |  1  2  3  4  5  6  7 |
---------------+----------------------+-----
Spellcasting   | 2 3 4 5 |  5.2
Necromancy     | 5 6 7 8 9 |  9.2
Dodging        | |  2.1
Stealth        | |  2.4

Action                   |  1- 3 |  4- 6 |  7- 9 || total
-------------------------+-------+-------+-------++-------
Melee: Unarmed           |    14 |   180 |       ||   194
       Spear             |       |    13 |       ||    13
       Dagger            |       |       |    22 ||    22
       Staff             |       |       |     9 ||     9
 Cast: Pain              |    26 |    27 |     3 ||    56
       Vampiric Draining |     1 |    35 |    27 ||    63
  Use: Scroll            |       |     1 |       ||     1
  Eat: Chunk             |       |     9 |     7 ||    16
Armor: Ring mail         |     5 |   183 |    51 ||   239
Dodge: Dodged            |    20 |   272 |    59 ||   351
